 Dungeon Crawl Stone Soup version 0.20.0-15-g7f486f2 (webtiles) character file.

386 broken the Chopper (level 6, -1/47 HPs)
             Began as a Hill Orc Summoner on June 29, 2017.
             Slain by Duvessa
             ... wielding a +0 short sword
              (3 damage)
             ... on level 4 of the Dungeon.
             The game lasted 00:09:47 (5166 turns).

broken the Chopper (Hill Orc Summoner)              Turns: 5166, Time: 00:09:47

Health: -1/47      AC:  9    Str: 18    XL:     6   Next: 78%
Magic:  8/8        EV:  8    Int: 15    God:
Gold:   201        SH:  0    Dex: 11    Spells: 7/8 levels left

rFire    + . .     SeeInvis .   g - +0 hand axe
rCold    . . .     Gourm    .   (no shield)
rNeg     . . .     Faith    .   s - +0 chain mail
rPois    .         Spirit   .   (no helmet)
rElec    .         Reflect  .   (no cloak)
rCorr    .         Harm     .   j - +0 pair of gloves
MR       .....                  (no boots)
Stlth    ..........             (no amulet)
Regen    0.2/turn               r - ring of protection from fire
MPRegen  0.2/turn               (no ring)

@: mighty
A: no striking features
a: no special abilities


You were on level 4 of the Dungeon.
You were not hungry.

You visited 1 branch of the dungeon, and saw 4 of its levels.

You collected 201 gold pieces.

Inventory:

Hand Weapons
 g - a +0 hand axe (weapon)
 h - a +0 club
 n - a -1 mace
 o - a +0 whip
 B - a +2 dagger of venom
Missiles
 e - 28 sling bullets
 f - 58 stones (quivered)
 t - 30 arrows
 w - 4 javelins
Armour
 a - a +0 robe
 i - a +0 ring mail
 j - a +0 pair of gloves (worn)
 s - a +0 chain mail (worn)
Jewellery
 r - a ring of protection from fire (left hand)
Wands
 y - a wand of disintegration (7/24)
Scrolls
 d - 4 scrolls of remove curse
 x - 2 scrolls of teleportation {unknown}
 z - a scroll of immolation {unknown}
 A - a scroll of fear {unknown}
 C - a scroll of blinking {unknown}
 D - a scroll of recharging {unknown}
Potions
 l - a potion of agility
 m - a potion of curing {unknown}
 u - a potion of degeneration {unknown}
 v - a potion of cancellation {unknown}
Books
 b - a book of Callings

   Spells                             Type                      Level
   a - Summon Small Mammal            Summoning                    1
   b - Call Imp                       Summoning                    2
   c - Call Canine Familiar           Summoning                    3
   d - Summon Guardian Golem          Hexes/Summoning              3
   e - Summon Lightning Spire         Summoning/Air                4
   f - Summon Ice Beast               Ice/Summoning                4
Comestibles
 c - 3 bread rations
 k - 5 fruits


   Skills:
 - Level 1.4 Fighting
 + Level 6.2(6.5) Axes
 - Level 2.3(4.1) Maces & Flails
 - Level 3.0 Dodging
 - Level 2.1 Stealth
 - Level 1.5 Spellcasting
 - Level 4.0 Summonings


You had 7 spell levels left.
You knew the following spells:

 Your Spells              Type           Power        Failure   Level  Hunger
a - Summon Small Mammal   Summ           ##..         58%         1    ##.....


Dungeon Overview and Level Annotations

Branches:
Dungeon (4/15)
 Temple: D:4-7

Altars:
Nemelex Xobeh
Ru

Shops:
D:4 *

Annotations:
D:2 Sigmund
D:3 Quirk's ghost, amateur VSFi
D:4 Duvessa


Message History

You slash the worm!
You kill the worm!
Duvessa hits you but does no damage.
A bullfrog skeleton comes into view.
You hit Duvessa.
Duvessa is lightly wounded.
Duvessa hits you with a short sword.
You barely miss Duvessa.
Duvessa is lightly wounded.
Duvessa hits you but does no damage. Duvessa hits you with a short sword!
You completely miss Duvessa.
Duvessa is lightly wounded.
Duvessa hits you with a short sword!
* * * LOW HITPOINT WARNING * * *
You slash Duvessa!
Duvessa is moderately wounded.
Duvessa hits you with a short sword!
* * * LOW HITPOINT WARNING * * *
Duvessa hits you with a short sword.
You die...

######### #### #.......#
..... #.......# .....
##.......#########
......+.................
......#.................
........................
###.##.######..........
# #@# #.###.##### #e#
#.#.### #Z# ###P.P# #..
#P.PP# ... #...P#####
.... .. #...P#...# ....
...#P...P...#
#.#......###P.....#
.....###.†..#


You could see Duvessa (berserk) and a bullfrog skeleton.

Vanquished Creatures
  Dowan (D:4)
  A bullfrog zombie (D:3)
  An orc priest (D:3)
  A hound (D:3)
  2 iguanas
  Terence (D:2)
  4 adders
  An ooze (D:4)
  4 worms
  2 dart slugs
  10 leopard geckos
  9 orcs
  A ball python (D:3)
  5 giant cockroaches
  9 goblins
  4 hobgoblins
  7 jackals
  6 kobolds
  10 bats
  9 frilled lizards
  8 rats
96 creatures vanquished.

Vanquished Creatures (collateral kills)
  A worm (D:2)
  2 bats (D:1)
  3 hobgoblins (D:1)
  A frilled lizard (D:1)
  A kobold (D:1)
  3 rats
11 creatures vanquished.

Grand Total: 107 creatures vanquished

Notes
Turn   | Place    | Note
-------+----------+-------------------------------------------
     0 | D:1      | broken the Hill Orc Summoner began the quest for the Orb.
     0 | D:1      | Reached XP level 1. HP: 14/14 MP: 3/3
   241 | D:1      | Reached skill level 1 in Fighting
   307 | D:1      | Reached XP level 2. HP: 23/23 MP: 2/4
  1114 | D:1      | Reached XP level 3. HP: 24/28 MP: 5/5
  1379 | D:2      | Reached skill level 1 in Maces & Flails
  1406 | D:2      | Noticed Sigmund
  1954 | D:2      | Reached XP level 4. HP: 35/35 MP: 6/6
  2275 | D:2      | Noticed Terence
  2299 | D:2      | Killed Terence
  2504 | D:3      | Reached skill level 1 in Axes
  2523 | D:3      | Noticed Quirk's ghost (amateur VSFi)
  2899 | D:3      | Reached skill level 2 in Axes
  2899 | D:3      | Reached XP level 5. HP: 31/40 MP: 7/7
  3280 | D:3      | Reached skill level 3 in Axes
  3375 | D:3      | Found a sparkling altar of Nemelex Xobeh.
  3466 | D:3      | Reached skill level 4 in Axes
  3497 | D:3      | Found a faded altar of an unknown god.
  3584 | D:3      | Reached XP level 6. HP: 24/47 MP: 8/8
  4347 | D:4      | Reached skill level 5 in Axes
  4747 | D:4      | Found a sacrificial altar of Ru.
  4784 | D:4      | Found Wiotu's General Store.
  5140 | D:4      | Noticed Dowan
  5142 | D:4      | Noticed Duvessa
  5158 | D:4      | Killed Dowan
  5158 | D:4      | Reached skill level 6 in Axes
  5166 | D:4      | HP: 2/47 [Duvessa/short sword (8)]
  5166 | D:4      | Slain by Duvessa

Skill      XL: |  1  2  3  4  5  6 |
---------------+-------------------+-----
Fighting       | 1 |  1.4
Stealth        | 2 |  2.1
Maces & Flails | 2 |  2.3
Dodging        | 2 3 |  3.0
Axes           | 2 4 6 |  6.2
Spellcasting   | |  1.5
Summonings     | |  4.0

Action                   |  1- 3 |  4- 6 || total
-------------------------+-------+-------++-------
Melee: Unarmed           |    42 |       ||    42
       Club              |    98 |    57 ||   155
       Mace              |     1 |       ||     1
       Hand axe          |       |   318 ||   318
 Cast: Summon Small Mamm |    24 |       ||    24
  Use: Scroll            |     3 |     2 ||     5
       Potion            |       |     3 ||     3
 Stab: Sleeping          |     3 |       ||     3
       Invisible         |       |     3 ||     3
  Eat: Chunk             |     4 |    11 ||    15
Armor: Robe              |    12 |       ||    12
       Ring mail         |    47 |    26 ||    73
       Chain mail        |       |   198 ||   198
Dodge: Dodged            |   114 |   162 ||   276
